AoeStats
← Katalipsis1

Arena

508122870Analyzed
3v3 RM · 12d ago on Sep 21, 2026· 51m 59s· 6 players
Game mode
Random Map
Map size
Normal (6 player)
Population
200
Speed
Normal
Resources
Standard
Victory
Conquest
Starting age
Dark Age
Ending age
Imperial Age
RankedLock teamsTeams togetherTeam positionsShared explorationLock speedFull tech treeHidden civsTurbo modeCheats
Victory
Defeat
🇺🇸 Romans · United States
988
+17
🇦🇷 Slavs · Argentina
959
+19
🇦🇷 Bohemians · Argentina
942
+19
🇲🇽 Jurchens · Mexico
1059
-20
🇲🇽 Huns · Mexico
1017
-18
🇲🇽 Vietnamese · Mexico
977
-17
Reaper20131
4:36 Loom
10:53 Feudal Age
18:36 Castle Age
19:04 Bloodlines
18:44 Double-Bit Axe
18:54 Stone Mining
18:56 Gold Mining
19:20 Forging
22:01 Bow Saw
27:50 Husbandry
29:36 Scale Barding Armor
36:47 Imperial Age
35:12 Gold Shaft Mining
34:22 Horse Collar
36:48 Fervor
36:52 Redemption
36:45 Atonement
38:42 Comitatenses
37:44 Elite Centurion
38:45 Conscription
39:20 Chain Barding Armor
39:35 Iron Casting
39:29 Ballistas
40:48 Illumination
40:39 Block Printing
40:08 Heavy Scorpion
40:57 Squires
40:20 Man-at-Arms
41:44 Plate Barding Armor
41:10 Scale Mail Armor
43:34 Blast Furnace
42:39 Long Swordsman
45:50 Siege Engineers
46:45 Chemistry
47:32 Ballistics
50:37 Murder Holes
50:59 Masonry
Katalipsis1
11:40 Feudal Age
10:59 Loom
14:28 Wheelbarrow
17:06 Castle Age
15:20 Double-Bit Axe
15:40 Horse Collar
17:48 Padded Archer Armor
18:14 Bow Saw
20:30 Chemistry
22:34 Town Watch
26:06 Hand Cart
31:39 Leather Archer Armor
36:49 Town Patrol
39:50 Imperial Age
39:08 Pikeman
40:23 Squires
40:43 Scale Mail Armor
42:13 Chain Mail Armor
44:25 Houfnice
47:47 Conscription
47:36 Wagenburg Tactics
46:58 Elite Skirmisher
48:59 Ring Archer Armor
48:21 Fletching
50:12 Bodkin Arrow
50:53 Halberdier
52:31 Plate Mail Armor
FranGinaro
10:01 Feudal Age
10:11 Feudal Age
14:05 Castle Age
12:25 Double-Bit Axe
13:10 Horse Collar
15:09 Bow Saw
20:17 Town Watch
21:29 Wheelbarrow
21:48 Heavy Plow
24:21 Hand Cart
28:07 Imperial Age
25:45 Gold Mining
25:47 Stone Mining
26:12 Scale Barding Armor
26:17 Forging
27:30 Chain Barding Armor
27:24 Loom
27:59 Town Patrol
28:42 Iron Casting
28:46 Gold Shaft Mining
28:30 Bloodlines
28:21 Husbandry
27:42 Light Cavalry
28:27 Elite Boyar
29:46 Crop Rotation
29:28 Detinets
31:32 Conscription
31:52 Plate Barding Armor
32:17 Blast Furnace
32:39 Two-Man Saw
31:57 Capped Ram
34:33 Blast Furnace
33:25 Fletching
35:13 Ballistics
35:53 Chemistry
35:18 Heavy Scorpion
36:58 Bodkin Arrow
39:57 Careening
40:18 Siege Engineers
41:55 Hoardings
42:35 Padded Archer Armor
43:01 Masonry
43:01 Fortified Wall
42:47 Murder Holes
47:35 Coinage
48:23 Hussar
50:31 Caravan
51:38 Banking
51:38 Banking
MaN0s MaGiCaS
0:27 Loom
11:32 Feudal Age
12:43 Double-Bit Axe
18:00 Castle Age
18:01 Horse Collar
19:21 Wheelbarrow
18:42 Gold Mining
19:30 Forging
20:04 Heavy Plow
21:00 Scale Mail Armor
22:01 Squires
22:32 Arson
24:39 Chain Mail Armor
26:05 Elite Skirmisher
27:45 Fletching
29:38 Bodkin Arrow
31:45 Padded Archer Armor
33:08 Iron Casting
33:31 Ballistics
34:24 Hand Cart
33:46 Crossbowman
36:01 Scale Barding Armor
39:25 Iron Casting
39:11 Chain Barding Armor
38:43 Pikeman
43:38 Imperial Age
42:11 Bow Saw
41:55 Town Watch
44:23 Bracer
45:33 Chemistry
44:06 Arbalester
45:06 Thumb Ring
46:32 Leather Archer Armor
49:14 Bloodlines
49:04 Husbandry
53:08 Two-Man Saw
XGTIROMlllX
11:46 Feudal Age
17:17 Castle Age
16:24 Double-Bit Axe
16:21 Horse Collar
22:39 Bow Saw
22:31 Heavy Plow
24:16 Gold Mining
25:54 Wheelbarrow
27:11 Marauders
31:07 Imperial Age
29:48 Gold Shaft Mining
30:08 Hand Cart
31:04 Husbandry
32:38 Scale Mail Armor
32:44 Scale Barding Armor
32:50 Forging
33:57 Two-Man Saw
32:47 Elite Tarkan
36:48 Pikeman
37:29 Squires
38:02 Halberdier
40:03 Chain Mail Armor
40:09 Chain Barding Armor
40:24 Iron Casting
McLain40
7:38 Loom
12:29 Feudal Age
13:32 Double-Bit Axe
17:03 Castle Age
16:47 Horse Collar
17:01 Gold Mining
17:01 Stone Mining
18:45 Wheelbarrow
23:46 Bow Saw
23:40 Heavy Plow
25:46 Hand Cart
26:22 Town Watch
28:07 Pikeman
28:56 Scale Mail Armor
29:06 Forging
29:41 Squires
33:52 Imperial Age
31:39 Chain Mail Armor
31:59 Iron Casting
31:52 Fortified Bastions
32:44 Fortified Wall
32:45 Masonry
34:46 Halberdier
36:44 Gold Shaft Mining
36:44 Stone Shaft Mining
38:57 Blast Furnace
37:21 Elite Fire Lancer
39:16 Ballistics
39:57 Chemistry
39:27 Architecture
39:04 Siege Engineers
Connection lost

Rejoining the realm…

Still unreachable

The connection could not be restored.

Session expired

The server has moved on; the page needs a fresh start.